 Dungeon Crawl Stone Soup version 0.30-a0-1018-g25214051b3 (webtiles) character file.

Game seed: 13705316119215495136

59 xian the Chiller (level 3, -1/40 HPs)
             Began as a Draconian Ice Elementalist on Apr 7, 2023.
             Slain by Sigmund
             ... wielding a +2 scythe of protection
              (5 damage)
             ... on level 2 of the Dungeon.
             The game lasted 00:09:30 (1788 turns).

xian the Chiller (Draconian Ice Elementalist)       Turns: 1788, Time: 00:09:31

Health: -1/40      AC: 21    Str: 10    XL:     3   Next: 78%
Magic:  15/15      EV:  2    Int: 17    God:
Gold:   71         SH:  0    Dex: 11    Spells: 5/6 levels left

rFire   . . .      SeeInvis .    c - +0 short sword
rCold   . . .      Faith    .    (no shield)
rNeg    + . .      Spirit   .    (body armour unavailable)
rPois   +          Reflect  .    (helmet currently unavailable)
rElec   .          Rampage  .    (cloak currently unavailable)
rCorr   .          NoTele   +    r - melded +0 pair of gloves
Will    .....                    (boots currently unavailable)
Stlth   +                        i - amulet of the acrobat
HPRegen 0.26/turn                g - ring of positive energy
MPRegen 0.14/turn                j - ring of magical power

@: confused, tree-form
A: stationary, stasis, torment immunity, boosted hp, AC +5, unfitting armour,
(cold-blooded)
a: no special abilities


You were on level 2 of the Dungeon.
You were a tree.
You visited 1 branch of the dungeon, and saw 2 of its levels.

You collected 71 gold pieces.

Inventory:

Hand Weapons
 c - a +0 short sword (weapon)
Armour
 r - a +0 pair of gloves (melded)
Jewellery
 g - a ring of positive energy (left branch)
 i - an amulet of the acrobat (around neck)
 j - a ring of magical power (right branch)
 p - a ring of ice
Scrolls
 b - a scroll of teleportation {unknown}
 f - a scroll of magic mapping {unknown}
 h - a scroll of amnesia {unknown}
 k - a scroll of fog {unknown}
 l - a scroll of brand weapon {unknown}
 n - a scroll of vulnerability {unknown}
 o - a scroll of poison {unknown}
 q - a scroll of identify {unknown}
Potions
 a - a potion of magic
 d - 2 potions of lignification
 e - 3 potions of heal wounds {unknown}
 m - 3 potions of curing {unknown}
 s - a potion of brilliance {unknown}


   Skills:
 + Level 0.5 Fighting
 + Level 0.3 Short Blades
 + Level 2.0 Dodging
 + Level 2.0 Stealth
 + Level 2.3 Spellcasting
 + Level 4.9 Ice Magic


You had 5 spell levels left.
You knew the following spells:

 Your Spells              Type           Power      Damage    Failure   Level
a - Freeze                Ice            72%        1d8       2%          1

Your spell library contained the following spells:

 Spells                   Type           Power      Damage    Failure   Level
 Frozen Ramparts          Ice            36%        1d6       8%          3
 Ozocubu's Armour         Ice            18%        N/A       8%          3
 Magic Dart               Conj           8%         1d3       19%         1
 Call Imp                 Summ           4%         N/A       28%         2
 Cigotuvi's Dreadful Rot  Necr/Pois/Air  4%         N/A       28%         2
 Mephitic Cloud           Conj/Pois/Air  2%         N/A       50%         3
 Summon Ice Beast         Ice/Summ       10%        N/A       56%         4
 Dispel Undead            Necr           2%         3d7       88%         4
 Death Channel            Necr           1%         N/A       100%        6


Dungeon Overview and Level Annotations

Branches:
Dungeon (2/15)

Altars:

Annotations:
D:2 Sigmund


Innate Abilities, Weirdness & Mutations

You are a tree.
Your roots penetrate the ground, keeping you stationary.
You cannot be teleported.
You are immune to unholy pain and torment.
Your maximum health is greatly increased.
Your equipment is partially melded.
((Your plain brown scales are hard. (AC +5)))
You cannot fit into any form of body armour.
((You are cold-blooded and may be slowed by cold attacks.))


Message History

You attack the rock wall.
You closely miss Sigmund.
Sigmund is lightly wounded.
Sigmund hits you but does no damage.
You swing at nothing.
Sigmund's eyes start glowing with a red light.
Sigmund hits you with a +2 scythe of protection.
* * * LOW HITPOINT WARNING * * *
You barely miss Sigmund.
Sigmund is lightly wounded.
You swing at nothing.
Sigmund points at you and mumbles some strange words.
You resist with significant effort.
You attack the rock wall.
Sigmund hits you but does no damage.
You attack the rock wall.
Sigmund hits you but does no damage.
You hit Sigmund.
Sigmund is moderately wounded.
You closely miss Sigmund.
Sigmund is moderately wounded.
Sigmund hits you but does no damage.
You attack the rock wall.
Sigmund hits you but does no damage.
You barely miss Sigmund.
Sigmund is moderately wounded.
You feel less confused.
You hit Sigmund but do no damage.
Sigmund is moderately wounded.
Sigmund hits you with a +2 scythe of protection!
* * * LOW HITPOINT WARNING * * *
You closely miss Sigmund.
Sigmund is moderately wounded.
A bat comes into view.
Sigmund casts a spell at you.
You are confused.
You swing at nothing.
Sigmund hits you but does no damage.
You closely miss Sigmund.
Sigmund is moderately wounded.
You hit Sigmund but do no damage.
Sigmund is moderately wounded.
Sigmund hits you with a +2 scythe of protection.
You die...

..$.....?..# #<
...@.....# ##
###......## #......†#
...#.# ...##.#.###
.......b..#
#####.#@#>#
######.#♣#.##########
....................#
##########.########.#
#.# #.##### #.#
#<##... #.# #.##.##
#.########.##.##
#.......††......
#############.##


You could see Sigmund and a bat.

Vanquished Creatures
  A gnoll (D:1)
  A worm (D:2)
  8 ball pythons
  7 endoplasms
  A giant cockroach (D:2)
  3 goblins (D:1)
  2 hobgoblins (D:1)
  2 jackals (D:1)
  4 bats
  6 frilled lizards
  5 kobolds
  5 rats
45 creatures vanquished.

Notes
Turn   | Place    | Note
-------+----------+-------------------------------------------
     0 | D:1      | xian the Draconian Ice Elementalist began the quest for the
                  | Orb.
     0 | D:1      | Reached XP level 1. HP: 14/14 MP: 3/3
   233 | D:1      | Reached XP level 2. HP: 20/20 MP: 1/5
   478 | D:1      | Found a faded altar of an unknown god.
   487 | D:1      | Reached XP level 3. HP: 24/26 MP: 1/6
  1029 | D:1      | You fall into a shaft and drop 1 floor!
  1749 | D:2      | Noticed Sigmund
  1788 | D:2      | Slain by Sigmund

Illustrated notes

Levels and vault maps discovered:
D:1:      dpeg_arrival_line_fractal, layout_basic,
          nicolae_ecumenical_snake_handling, st_stairs_10, hex_large,
          chequers_decorated_corner, chequers_serial_rivers_micro_b
D:2:      layout_loops_ring, minmay_door_square, uniq_sigmund,
          uniq_crazy_yiuf_cottage, uniq_robin

Skill      XL: |  1  2  3 |
---------------+----------+-----
Stealth        | 2 |  2.0
Dodging        | 2 |  2.0
Fighting       | |  0.5
Short Blades   | |  0.3
Spellcasting   | |  2.3
Ice Magic      | |  4.9

Action                     || total
---------------------------++-------
  Melee: Short sword       ||    31
         Tailslap          ||     1
         Punch             ||     1
   Cast: Freeze            ||    60
    Use: Potion            ||     1
 Armour: Skin              ||    24
  Dodge: Dodged            ||    42

Table legend: (Time is in decaauts)
 A = Elapsed time spent in this place.
 B = Non-inter-level travel time spent in this place.
 C = Inter-level travel time spent in this place.
 D = Time resting spent in this place.
 E = Time spent auto-exploring this place.
 F = Levels seen in this place.
 G = Mean time per level.
                   A        B        C        D        E       F      G
               +--------+--------+--------+--------+--------+-----+--------+
         Total |   1787 |   1787 |      0 |      0 |   1444 |   2 |  893.5 |
       Dungeon |   1787 |   1787 |      0 |      0 |   1444 |   2 |  893.5 |
               +--------+--------+--------+--------+--------+-----+--------+

Top non-repeatable levels by time:
     D:1: 1028 daAuts
     D:2: 758 daAuts
